 Dungeon Crawl Stone Soup version 0.24.0-125-gc4c63601f3 (webtiles) character file.

Game seed: 14070071178832723343, levelgen mode: deterministic

2511 1994 the Archer (level 9, -5/54 HPs)
             Began as a Tengu Arcane Marksman on Mar 16, 2020.
             Was a Priest of Okawaru.
             Killed from afar by a gargoyle (20 damage)
             ... with a stone arrow
             ... on level 7 of the Dungeon.
             The game lasted 00:30:41 (9694 turns).

1994 the Archer (Tengu Arcane Marksman)             Turns: 9694, Time: 00:30:41

Health: -5/54      AC:  5    Str: 10    XL:     9   Next: 53%
Magic:  11/11      EV: 17    Int: 15    God:    Okawaru [***...]
Gold:   337        SH:  0    Dex: 17    Spells: 7/10 levels left

rFire    + . .     SeeInvis .   a - +1 shortbow
rCold    . . .     Gourm    .   (shield currently unavailable)
rNeg     . . .     Faith    +   r - +0 ring mail
rPois    .         Spirit   .   (helmet restricted)
rElec    .         Reflect  .   (no cloak)
rCorr    .         Harm     .   (no gloves)
MR       .....                  (boots unavailable)
Stlth    ++........             c - amulet of faith
HPRegen  0.18/turn              n - +1 ring of evasion
MPRegen  0.12/turn              o - ring of protection from fire

@: flying quickly and evasively, quick
A: beak, talons 3, able to fly
a: Stop Flying, Heroism, Renounce Religion


You were on level 7 of the Dungeon.
You worshipped Okawaru.
Okawaru was most pleased with you.
You were not hungry.

You visited 2 branches of the dungeon, and saw 8 of its levels.

You collected 337 gold pieces.

Inventory:

Hand Weapons
 a - a +1 shortbow (weapon)
 b - a +0 long sword
 v - a +0 hunting sling
Missiles
 d - 84 arrows (quivered)
 i - 151 stones
 q - 3 curare-tipped darts
 B - 7 poisoned darts
Armour
 r - a +0 ring mail (worn)
Jewellery
 c - an amulet of faith (around neck)
 n - a +1 ring of evasion (left hand)
 o - a ring of protection from fire (right hand)
 y - an uncursed amulet of regeneration {unknown}
Scrolls
 e - 2 scrolls of teleportation
 g - 3 scrolls of enchant weapon
 h - 2 scrolls of remove curse
 j - a scroll of amnesia
 k - a scroll of immolation {unknown}
 l - 2 scrolls of identify
 p - 2 scrolls of fog
 u - a scroll of magic mapping {unknown}
 w - a scroll of blinking {unknown}
Potions
 m - 2 potions of lignification
 s - 3 potions of berserk rage
 t - 3 potions of curing
 x - 3 potions of resistance
 z - a potion of heal wounds
Comestibles
 f - 13 rations


   Skills:
 + Level 5.1 Fighting
 * Level 5.7 Long Blades
 * Level 8.1 Bows
 + Level 5.8 Dodging
 + Level 4.5 Stealth
 - Level 1.0 Spellcasting
 - Level 2.1 Hexes
 - Level 2.1 Invocations


You had 7 spell levels left.
You knew the following spells:

 Your Spells              Type           Power        Failure   Level  Hunger
b - Portal Projectile     Hex/Tloc       #.....       77%         3    ####...

Your spell library contained the following spells:

 Spells                   Type           Power        Failure   Level  Hunger
 Corona                   Hex            #......      26%         1    ##.....
 Slow                     Hex            #.......     36%         2    ###....
 Inner Flame              Hex/Fire       #.......     77%         3    ####...
 Cause Fear               Hex            #.........   95%         4    #####..
 Leda's Liquefaction      Hex/Erth       #.........   99%         4    #####..


Dungeon Overview and Level Annotations

Branches:
Dungeon (7/15)             Temple (1/1) D:4

Altars:
Ashenzari
Cheibriados
Dithmenos
Elyvilon
Fedhas
Gozag
Hepliaklqana
Kikubaaqudgha
Makhleb
Nemelex Xobeh
Okawaru
Qazlal
Ru
Sif Muna
Uskayaw
Vehumet
Wu Jian
Xom
Yredelemnul
Zin
The Shining One

Annotations:
D:5 Menkaure


Innate Abilities, Weirdness & Mutations

You have a beak for a mouth.
You have claws for feet.
You can fly continuously.


Message History

The gargoyle is severely damaged.
Firing (i - inventory. (/) - cycle)
d - 86 arrows (quivered)
Press: ? - help, Shift-Dir - straight line, f/p - gargoyle
Aim: a gargoyle, wielding a +0 flail (severely damaged)
You shoot an arrow.
The arrow hits the gargoyle but does no damage.
The gargoyle is severely damaged.
The gargoyle hits you with a +0 flail!
Firing (i - inventory. (/) - cycle)
d - 85 arrows (quivered)
Press: ? - help, Shift-Dir - straight line, f/p - gargoyle
Aim: a gargoyle, wielding a +0 flail (severely damaged)
You shoot an arrow. The arrow barely misses the gargoyle.
The gargoyle hits you with a +0 flail!
* * * LOW HITPOINT WARNING * * *
You are too injured to fight recklessly!
You are too injured to fight recklessly!
You are too injured to fight recklessly!
The gargoyle hurls a stone arrow at you.
The stone arrow hits you!!
You die...

#.# #.# #.# #.# #.# #.#
#.######### #.# ##.##
#.##......###.######...##
#.##.####................ #.#...#
#####.###.##...#. #.#.#.### #.#
#........
##...#)..#####.###..##.##.
########...####.@.9((((((..##.##.
....<....#..#....#(...####.##.##.
########....#.##.#...........)...
#.##...#.....>...##.#####.
#.##..##.........##.# #.
#.##.###.........##(######
#.##.#......#)....(.#...).
########.##.#.####....######.####
.....)......#.####....# #.#


You could see a gargoyle.

Vanquished Creatures
  A two-headed ogre (D:6)
  A hippogriff (D:7)
  An orc warrior (D:6)
  A black bear (D:3)
  An ice beast (D:7)
  4 phantoms
  2 ogres
  A centaur (D:7)
  A bullfrog (D:7)
  A howler monkey (D:4)
  3 crimson imps
  3 hounds (D:7)
  A centaur skeleton (D:6)
  An orc wizard (D:6)
  An orc priest (D:6)
  A bullfrog skeleton (D:5)
  An iguana (D:7)
  3 worker ants
  A hound skeleton (D:4)
  A worker ant zombie (D:6)
  3 gnolls (D:7)
  17 adders
  A shadow imp (D:5)
  An adder skeleton (D:5)
  4 worms
  3 dart slugs
  9 leopard geckos
  12 orcs
  6 giant cockroaches
  7 goblins
  12 hobgoblins
  2 jackals (D:1)
  2 quokkas
  2 ball pythons (D:1)
  11 bats
  9 frilled lizards
  A jackal skeleton (D:5)
  6 kobolds
  15 rats
153 creatures vanquished.

Notes
Turn   | Place    | Note
-------+----------+-------------------------------------------
     0 | D:1      | 1994 the Tengu Arcane Marksman began the quest for the Orb.
     0 | D:1      | Reached XP level 1. HP: 12/12 MP: 3/3
   234 | D:1      | Reached XP level 2. HP: 13/16 MP: 4/4
   742 | D:1      | Reached skill level 3 in Bows
   916 | D:1      | Reached XP level 3. HP: 20/20 MP: 5/5
  1614 | D:2      | Reached XP level 4. HP: 23/26 MP: 6/6
  1984 | D:2      | Reached skill level 4 in Bows
  2327 | D:2      | Gained mutation: You can fly continuously. [Tengu growth]
  2327 | D:2      | Reached XP level 5. HP: 28/31 MP: 7/7
  2643 | D:2      | Learned a level 3 spell: Portal Projectile
  4222 | D:4      | Reached XP level 6. HP: 36/36 MP: 8/8
  4322 | D:4      | Noticed a black bear
  4383 | D:3      | Reached skill level 1 in Stealth
  4656 | D:3      | Killed a black bear
  4656 | D:3      | Reached skill level 5 in Bows
  4728 | D:4      | Found a staircase to the Ecumenical Temple.
  4737 | Temple   | Entered the Ecumenical Temple
  4821 | Temple   | Became a worshipper of Warmaster Okawaru
  5326 | D:5      | Entered Level 5 of the Dungeon
  5559 | D:5      | Noticed Menkaure
  5834 | D:5      | Found a stormy altar of Qazlal.
  6147 | D:5      | Noticed a phantom
  6168 | D:5      | Reached XP level 7. HP: 34/41 MP: 9/9
  6216 | D:5      | Reached skill level 1 in Long Blades
  6875 | D:6      | Reached skill level 6 in Bows
  6922 | D:6      | Reached * piety under Okawaru
  7200 | D:6      | Reached XP level 8. HP: 11/48 MP: 10/10
  8112 | D:6      | Reached skill level 1 in Invocations
  8201 | D:7      | Reached ** piety under Okawaru
  8332 | D:7      | Noticed a two-headed ogre
  8333 | D:7      | Noticed a hippogriff
  8531 | D:6      | Killed a two-headed ogre
  8531 | D:6      | Reached skill level 7 in Bows
  8531 | D:6      | Reached skill level 5 in Dodging
  8531 | D:6      | Reached XP level 9. HP: 52/52 MP: 11/11
  8749 | D:7      | Reached skill level 5 in Long Blades
  9163 | D:7      | Noticed a gargoyle
  9315 | D:7      | Reached skill level 5 in Fighting
  9416 | D:7      | Reached skill level 8 in Bows
  9546 | D:7      | Reached *** piety under Okawaru
  9694 | D:7      | Killed from afar by a gargoyle

Levels and vault maps discovered:
D:1:      nzn_arrival_crosshair, layout_rooms
D:2:      layout_loops_cross, kennysheep_nub
D:3:      layout_loops_ring
D:4:      layout_loops_ring, minmay_temple_entry_stoned_glass, first_ration
D:5:      layout_gridville, grunt_qazlal_clouds, uniq_menkaure
D:6:      layout_basic
D:7:      layout_loops_ring
Temple:   grunt_wide_crystal_templ

Skill      XL: |  1  2  3  4  5  6  7  8  9 |
---------------+----------------------------+-----
Bows           | 3 4 5 6 7 8 |  8.1
Fighting       | 2 3 4 5 |  5.1
Dodging        | 3 4 5 |  5.8
Stealth        | 2 4 |  4.5
Long Blades    | 2 4 5 |  5.7
Invocations    | 2 |  2.1
Spellcasting   | |  1.0
Hexes          | |  2.1

Action                   |  1- 3 |  4- 6 |  7- 9 || total
-------------------------+-------+-------+-------++-------
Melee: Unarmed           |    35 |       |       ||    35
       Peck              |    12 |    13 |    40 ||    65
       Kick              |     9 |    28 |    63 ||   100
       Dagger            |    48 |    82 |       ||   130
       Falchion          |       |    12 |    25 ||    37
       Long sword        |       |       |   158 ||   158
 Fire: Shortbow          |    22 |    21 |   133 ||   176
       Hunting sling     |    13 |   216 |       ||   229
Throw: Stone             |     6 |       |       ||     6
       Dart              |     5 |    11 |     6 ||    22
 Abil: Fly               |       |     1 |       ||     1
  Use: Potion            |       |     1 |       ||     1
       Scroll            |       |    10 |     2 ||    12
 Stab: Sleeping          |       |       |     3 ||     3
       Distracted        |       |       |     1 ||     1
  Eat: Chunk             |     2 |    12 |     9 ||    23
       Ration            |       |       |     1 ||     1
Armor: Robe              |    27 |       |       ||    27
       Ring mail         |       |    76 |    35 ||   111
Dodge: Dodged            |    87 |   123 |   146 ||   356
       Rpst.: Falchion   |       |     1 |     5 ||     6
       Long sword        |       |       |    36 ||    36
